Map: Beckett Industries LE

Players

Player 2 - Winner!

  • Race: Zerg Zerg

TLHarstem (Harstem)

  • Race: Protoss Protoss
  • League: Master

VOD

Have the link to the VOD?

Description

Time

  • Played on: May 2, 2021, 4:33 p.m.
  • Length: 8:06
Show
View Real Time Build Order
Export as new Build Order

Player 2 Zerg - Winner!

Build Orders: Pool First 

Get SALT Encoding   

  12  0:01  Drone  
  13  0:12  Overlord  
  13  0:17  Drone  
  14  0:34  Spawning Pool  
  13  0:37  Drone  
  13  0:40  Extractor  
  13  0:44  Drone  
  14  0:52  Overlord  
  14  1:21  Zergling x2  
  14  1:22  Queen  
  17  1:32  Roach Warren  
  16  1:34  Extractor  
  16  1:37  Drone  
  16  1:41  Zergling x2  
  16  1:44  Drone  
  18  1:58  Drone  
  18  2:00  Zergling x2  
  20  2:09  Drone  
  21  2:20  Drone  
  22  2:30  Drone, Overlord  
  23  2:37  Drone  
  24  2:44  Drone  
  25  4:00  Zergling x2  
  25  5:53  Lair, Drone  
  26  6:00  Drone  
  27  6:08  Drone  
  28  6:15  Drone  
  28  6:17  Overlord  
  28  6:18  Zergling x2  
  29  6:22  Drone  
  28  6:29  Drone  
  29  6:43  Zergling x2  
  30  6:51  Overseer x2  
  30  6:52  Spire  
  29  7:09  Zergling x2  
  30  7:17  Hatchery  
  30  7:18  Drone  
  30  7:26  Overlord, Overseer  
  30  7:37  Hatchery  
  30  7:38  Zergling x2, Overlord  
  30  7:52  Hatchery  
Show
View Real Time Build Order
Export as new Build Order

TLHarstem Protoss 

Build Orders: 1 Gate Expand, Oracle Opening 

Get SALT Encoding   

  12  0:00  Probe  
  13  0:12  Probe  
  14  0:19  Pylon  
  14  0:25  Probe  
  15  0:37  Probe (Chrono Boost)  
  15  0:42  Gateway  
  16  0:47  Probe (Chrono Boost)  
  17  0:52  Probe (Chrono Boost)  
  18  1:12  Nexus  
  18  1:15  Probe  
  19  1:22  Assimilator  
  19  1:26  Assimilator  
  19  1:28  Probe  
  20  1:38  Cybernetics Core  
  20  1:41  Probe (Chrono Boost)  
  21  1:48  Pylon  
  21  1:54  Probe (Chrono Boost)  
  22  1:59  Probe (Chrono Boost)  
  23  2:08  Probe  
  24  2:12  Stalker (Chrono Boost)  
  26  2:20  Probe  
  27  2:24  Probe  
  27  2:28  Stargate  
  28  2:32  Probe  
  28  2:36  Adept, Probe (Chrono Boost)  
  32  2:42  Warp Gate  
  32  2:48  Probe (Chrono Boost)  
  32  2:50  Probe (Chrono Boost)  
  34  2:55  Pylon, Probe (Chrono Boost)  
  34  2:57  Probe (Chrono Boost)  
  36  3:03  Probe  
  37  3:08  Probe  
  37  3:09  Oracle (Chrono Boost)  
  41  3:15  Probe  
  41  3:17  Gateway  
  42  3:20  Probe  
  42  3:25  Assimilator  
  43  3:27  Assimilator, Probe  
  43  3:30  Adept  
  43  3:32  Probe  
  47  3:39  Probe  
  48  3:44  Pylon  
  48  3:45  Probe  
  49  3:51  Probe  
  50  3:57  Probe  
  51  4:03  Probe, Fleet Beacon  
  51  4:08  Stargate  
  51  4:09  Probe  
  53  4:16  Probe  
  54  4:21  Nexus, Probe  
  55  4:24  Pylon  
  55  4:28  Probe  
  56  4:33  Probe  
  57  4:40  Probe  
  57  4:44  Pylon, Tempest (Chrono Boost)  
  58  4:48  Tempest (Chrono Boost)  
  58  4:49  Probe  
  69  4:57  Shield Battery  
  69  4:59  Probe  
  70  5:02  Probe  
  71  5:09  Protoss Air Weapons Level 1  
  71  5:11  Probe  
  71  5:12  Pylon  
  71  5:13  Forge  
  72  5:14  Probe  
  72  5:16  Void Ray (Chrono Boost)  
  73  5:23  Probe  
  73  5:24  Void Ray (Chrono Boost)  
  78  5:30  Probe  
  78  5:31  Pylon  
  78  5:35  Probe x2  
  85  5:36  Flux Vanes  
  85  5:42  Probe  
  86  5:47  Probe x2  
  88  5:50  Void Ray (Chrono Boost)  
  88  5:53  Assimilator  
  88  5:54  Probe  
  88  5:55  Assimilator  
  89  5:59  Probe x2  
  89  6:01  Void Ray (Chrono Boost)  
  89  6:02  Pylon  
  95  6:04  Pylon  
  95  6:06  Probe  
  95  6:10  Pylon  
  100  6:16  Pylon  
  100  6:17  Void Ray (Chrono Boost)  
  100  6:18  Probe  
  105  6:27  Probe, Void Ray (Chrono Boost)  
  105  6:31  Twilight Council  
  110  6:34  Probe  
  110  6:36  Gateway  
  110  6:37  Gateway  
  111  6:45  Gateway  
  111  6:48  Gateway  
  115  6:54  Void Ray (Chrono Boost)  
  115  6:55  Void Ray (Chrono Boost)  
  115  6:58  Gateway  
  115  7:00  Gateway x2  
  115  7:06  Gateway  
  119  7:12  Pylon  
  119  7:17  Templar Archives  
  119  7:19  Pylon  
  119  7:28  Probe  
  120  7:33  Nexus  
  120  7:34  Pylon  
  120  7:39  Probe  
  120  7:40  Probe x2  
  120  7:42  Zealot x5  
  133  7:44  Pylon  
  133  7:51  Probe  
  133  7:52  Probe  
  139  7:59  Pylon, High Templar x4  
  139  8:01  Pylon  
  139  8:03  Shield Battery  
Tags
 
Add a new tag
Caveats
  • Supply blocks, unpowered buildings, or Contaminate may cause inaccurate times.
  • Supply counts are checked every 10 seconds.